 Dungeon Crawl Stone Soup version 0.25.1-2-g60ff931df9 (webtiles) character file.

Game seed: 16821921236939638331

9286 ubername the Ducker (level 11, 0/83 HPs)
             Began as a Gnoll Arcane Marksman on Sept 26, 2020.
             Was an Elder of Okawaru.
             Slain by a hell knight
             ... wielding a +5 demon blade of flaming
              (25 damage)
             ... on level 10 of the Dungeon.
             The game lasted 00:51:42 (10330 turns).

ubername the Ducker (Gnoll Arcane Marksman)        Turns: 10330, Time: 00:51:42

Health: 0/83       AC: 21    Str: 14      XL:     11   Next: 44%
Magic:  21/21      EV: 10    Int: 19 (20) God:    Okawaru [****..]
Gold:   211        SH:  0    Dex: 15      Spells: 22/23 levels left

rFire    + . .     SeeInvis +   G - +8 trident of the Octopus King {venom, rElec rPois MR+}
rCold    . . .     Gourm    .   (no shield)
rNeg     . . .     Faith    .   s - +4 chain mail of the Abyss {Regen+ Int+4}
rPois    +         Spirit   .   (no helmet)
rElec    +         Reflect  .   H - +2 cloak {rPois}
rCorr    .         Harm     .   (no gloves)
MR       +....                  (no boots)
Stlth    ..........             C - amulet of the acrobat
HPRegen  0.63/turn              n - +4 ring of protection
MPRegen  0.17/turn              A - ring of see invisible

@: flying (expiring)
A: distributed training, fangs 1, clumsy 1, fire resistance 1, evolution 1,
strong nose
a: Heroism, Renounce Religion


You were on level 10 of the Dungeon.
You worshipped Okawaru.
Okawaru was greatly pleased with you.
You were not hungry.

You visited 2 branches of the dungeon, and saw 11 of its levels.
You also visited: Ossuary.

You collected 486 gold pieces.
You spent 275 gold pieces at shops.

Inventory:

Hand Weapons
 a - a +1 vorpal hunting sling
 b - a +4 quarterstaff of chaos
 G - the +8 trident of the Octopus King (weapon) {venom, rElec rPois MR+}
   (You found it on level 10 of the Dungeon)

   It poisons the flesh of those it strikes.
   It insulates you from electricity.
   It protects you from poison.
   It affects your resistance to hostile enchantments.
 J - the +1 spear of Meskaura {drain, Str+2 Int+4 Dex+5}
   (You found it on level 10 of the Dungeon)

   A truly terrible weapon, it drains the life of those it strikes.
   It affects your strength (+2).
   It affects your intelligence (+4).
   It affects your dexterity (+5).
Missiles
 d - 3 throwing nets
 g - 266 stones
 p - 8 boomerangs
 u - 40 poisoned darts (quivered)
 D - 59 sling bullets
 I - 3 atropa-tipped darts
Armour
 m - a +1 ring mail of poison resistance
 s - the +4 chain mail of the Abyss (worn) {Regen+ Int+4}
   (You bought it in a shop on level 8 of the Dungeon)

   It affects your intelligence (+4).
   It increases your rate of regeneration.
 H - a +2 cloak of poison resistance (worn)
Magical Staves
 e - an uncursed staff of energy {unknown}
 k - an uncursed staff of poison {unknown}
 z - an uncursed staff of earth {unknown}
Jewellery
 n - a +4 ring of protection (left hand)
 r - an uncursed amulet of magic regeneration
 A - a ring of see invisible (right hand)
 C - an amulet of the acrobat (around neck)
 L - a +4 ring of slaying
Wands
 h - a wand of random effects (13)
 M - a wand of paralysis (5)
Scrolls
 c - 4 scrolls of remove curse
 l - 9 scrolls of identify
 o - 2 scrolls of enchant weapon
 w - 7 scrolls of teleportation
 y - 2 scrolls of magic mapping
Potions
 i - 2 potions of berserk rage
 j - a potion of stabbing
 q - 3 potions of curing
 t - 4 potions of flight
 v - a potion of heal wounds
 x - a potion of ambrosia
 B - 2 potions of brilliance
 F - a potion of might
Comestibles
 f - 29 rations
 K - 3 chunks of flesh


   Skills:
 + Level 6.7 Fighting
 + Level 6.2 Short Blades
 + Level 6.2 Long Blades
 + Level 6.2 Axes
 + Level 6.2 Maces & Flails
 + Level 6.2 Polearms
 + Level 6.2 Staves
 + Level 7.8 Slings
 + Level 6.2 Bows
 + Level 6.2 Crossbows
 + Level 6.2 Throwing
 + Level 6.2 Armour
 + Level 7.8 Dodging
 + Level 6.2 Stealth
 + Level 6.2 Shields
 + Level 6.2 Unarmed Combat
 + Level 6.8 Spellcasting
 + Level 5.1 Conjurations
 + Level 7.6 Hexes
 + Level 5.1 Charms
 + Level 5.1 Summonings
 + Level 5.1 Necromancy
 + Level 5.1 Translocations
 + Level 5.1 Transmutations
 + Level 5.1 Fire Magic
 + Level 5.1 Ice Magic
 + Level 5.1 Air Magic
 + Level 5.1 Earth Magic
 + Level 5.1 Poison Magic
 + Level 6.8 Invocations
 + Level 6.2 Evocations


You had 22 spell levels left.
You knew the following spells:

 Your Spells              Type           Power        Failure   Level  Hunger
a - Corona                Hex            #####..      9%          1    None

Your spell library contained the following spells:

 Spells                   Type           Power        Failure   Level  Hunger
 Slow                     Hex            #####...     13%         2    None
 Animate Skeleton         Necr           N/A          24%         1    None
 Apportation              Tloc           ####..       24%         1    None
 Summon Small Mammal      Summ           ####         24%         1    None
 Inner Flame              Hex/Fire       ####....     38%         3    #......
 Portal Projectile        Hex/Tloc       ####..       38%         3    #......
 Cause Fear               Hex            #####.....   63%         4    ###....
 Leda's Liquefaction      Hex/Erth       ####......   80%         4    ###....


Dungeon Overview and Level Annotations

Branches:
Dungeon (10/15)            Temple (1/1) D:7         Ossuary (visited)
   Lair: D:8-11         Orc: D:9-12

Altars:
Ashenzari
Cheibriados
Dithmenos
Elyvilon
Fedhas
Gozag
Hepliaklqana
Kikubaaqudgha
Makhleb
Nemelex Xobeh
Okawaru
Qazlal
Ru
Sif Muna
Trog
Uskayaw
Vehumet
Wu Jian
Xom
Yredelemnul
Zin
The Shining One

Shops:
D:4 :   D:6 [   D:8 [}(!   D:10 (

Annotations:
D:5 1 runed translucent door, Sweetruy1997's ghost, novice MiBe


Innate Abilities, Weirdness & Mutations

Your experience applies equally to all skills.
You have very sharp teeth.
Your uncanny sense of smell can sniff out nearby items.
You are clumsy. (Dex -2)
Your flesh is heat resistant. (rF+)
You evolve.


Message History

Pain shoots through your body!
The hell knight hits you with a +5 demon blade of flaming.
* * * LOW HITPOINT WARNING * * *
The necromancer mumbles some strange words.
The necromancer binds the souls of nearby monsters.
You are starting to lose your buoyancy.
The necromancer mumbles some strange words.
The necromancer binds the souls of nearby monsters.
The necromancer casts a spell.
The necromancer flickers and vanishes for a moment.
The hell knight misses you.
You puncture the hell knight!
The hell knight is poisoned.
The hell knight is moderately wounded.
The hell knight hits you but does no damage.
You puncture the hell knight!
The hell knight looks as sick as possible!
Your bite misses the hell knight.
The hell knight is moderately wounded.
The hell knight hits you with a +5 demon blade of flaming!!
You die...

###...#####.....#
.'...'.........+
#...#.........# #
##...#.........# #
#....#......##### ##.... ..
#.........§.....###.......##..
#.####≈§≈≈≈####.............#.
#.#......§....#.########..#.#.
#.#.#########@#........#..#.#.
.###.# ...#p#.####.###..#.#.
.....# #.#.#.# #.# #..#.#.
.##..# ∆∆∆#p§.#.## #.# #..#.##
##.# #)≈.#..###.###...... #.#
#p≈.#...........#... .###.#
#p#.#..############# .....#
#p.pp..p#.#..# ###..#
#########.#..#


You could see 2 hell knights and 2 necromancers.

Vanquished Creatures
  Harold (D:7)
  3 two-headed ogres
  A hell knight (D:10)
  Pikel (D:7)
  An orange crystal statue (D:10)
  A hippogriff (D:9)
  A wraith (D:8)
  7 hell hounds (D:10)
  2 water moccasins
  2 soldier ants (D:8)
  A black bear (D:9)
  2 hornet zombies
  2 ice beasts
  2 sky beasts (D:10)
  2 phantoms
  4 ogres
  7 centaurs
  A big kobold (D:10)
  3 bullfrogs
  3 scorpions
  13 killer bees
  2 howler monkeys
  A crimson imp (D:8)
  4 hounds
  A quasit (D:6)
  A centaur zombie (D:5)
  A jelly (D:9)
  An orc priest (D:4)
  A centaur skeleton (D:7)
  A bullfrog skeleton (D:5)
  6 orc wizards
  Crazy Yiuf (D:4)
  2 iguanas
  Jessica (D:2)
  6 worker ants
  Terence (D:2)
  3 hound skeletons
  A worker ant zombie (D:7)
  4 gnolls
  3 howler monkey skeletons
  10 adders
  2 shadow imps
  An ooze (D:3)
  An adder skeleton (D:9)
  5 worms
  5 leopard geckos
  25 orcs
  10 bats
  A giant cockroach (D:4)
  5 goblins
  3 hobgoblins
  13 jackals
  7 kobolds
  5 quokkas
  2 ball pythons (D:3)
  5 frilled lizards
  A quokka skeleton (D:5)
  3 rats
205 creatures vanquished.

Vanquished Creatures (others)
  4 slaves (D:7)
  A phantom (D:5)
  A killer bee (D:7)
  2 jackals (D:7)
  A withered plant (Ossuary)
9 creatures vanquished.

Grand Total: 214 creatures vanquished

Notes
Turn   | Place    | Note
-------+----------+-------------------------------------------
     0 | D:1      | ubername the Gnoll Arcane Marksman began the quest for the
                  | Orb.
     0 | D:1      | Reached XP level 1. HP: 17/17 MP: 4/4
   361 | D:1      | Reached XP level 2. HP: 23/23 MP: 5/5
   930 | D:2      | Noticed Terence
   937 | D:2      | Killed Terence
   937 | D:2      | Reached skill level 1 in Invocations
   937 | D:2      | Reached XP level 3. HP: 27/28 MP: 4/7
  1075 | D:2      | Noticed Jessica
  1081 | D:2      | Killed Jessica
  1081 | D:2      | Reached skill level 1 in Short Blades
  1081 | D:2      | Reached skill level 1 in Long Blades
  1081 | D:2      | Reached skill level 1 in Axes
  1081 | D:2      | Reached skill level 1 in Maces & Flails
  1081 | D:2      | Reached skill level 1 in Polearms
  1081 | D:2      | Reached skill level 1 in Staves
  1081 | D:2      | Reached skill level 1 in Bows
  1081 | D:2      | Reached skill level 1 in Crossbows
  1081 | D:2      | Reached skill level 1 in Throwing
  1081 | D:2      | Reached skill level 1 in Armour
  1081 | D:2      | Reached skill level 1 in Stealth
  1081 | D:2      | Reached skill level 1 in Shields
  1081 | D:2      | Reached skill level 1 in Unarmed Combat
  1081 | D:2      | Reached skill level 1 in Evocations
  1081 | D:2      | Reached XP level 4. HP: 28/34 MP: 6/8
  1715 | D:2      | Reached skill level 1 in Conjurations
  1715 | D:2      | Reached skill level 1 in Charms
  1715 | D:2      | Reached skill level 1 in Summonings
  1715 | D:2      | Reached skill level 1 in Necromancy
  1715 | D:2      | Reached skill level 1 in Translocations
  1715 | D:2      | Reached skill level 1 in Transmutations
  1715 | D:2      | Reached skill level 1 in Fire Magic
  1715 | D:2      | Reached skill level 1 in Ice Magic
  1715 | D:2      | Reached skill level 1 in Air Magic
  1715 | D:2      | Reached skill level 1 in Earth Magic
  1715 | D:2      | Reached skill level 1 in Poison Magic
  2328 | D:3      | Reached XP level 5. HP: 40/40 MP: 7/9
  2529 | D:3      | Found a radiant altar of Vehumet.
  3081 | D:4      | Found Vujieb's Book Emporium.
  3306 | D:4      | Found a shimmering altar of Xom.
  3306 | D:4      | Found a glowing silver altar of Zin.
  3306 | D:4      | Noticed an angel
  3312 | D:4      | Reached XP level 6. HP: 47/47 MP: 8/10
  3527 | D:4      | Found a sand-covered staircase.
  3590 | D:4      | Found a runed translucent door.
  3610 | Ossuary  | Entered an ossuary
  3878 | D:4      | Noticed Crazy Yiuf
  4008 | D:3      | Reached skill level 5 in Slings
  4008 | D:3      | Reached skill level 5 in Dodging
  4333 | D:4      | Found a blossoming altar of Fedhas.
  4436 | D:4      | Killed Crazy Yiuf
  4647 | D:5      | Entered Level 5 of the Dungeon
  4705 | D:5      | Found a runed translucent door.
  4738 | D:5      | Reached XP level 7. HP: 45/52 MP: 10/12
  4995 | D:5      | Noticed Sweetruy1997's ghost (novice MiBe)
  5521 | D:6      | Gained mutation: You have a pair of small horns on your
                  | head. [potion of mutation]
  5521 | D:6      | Gained mutation: You are agile. (Dex +2) [potion of
                  | mutation]
  5521 | D:6      | Gained mutation: You are partially covered in yellow
                  | scales. (AC +2) [potion of mutation]
  5648 | D:6      | Found Qeuraeva's Armour Shop.
  5820 | D:6      | Reached XP level 8. HP: 60/60 MP: 14/14
  5845 | D:6      | Got a transparent war axe
  5861 | D:6      | Identified the +1 war axe of Crusades {vamp, *Corrode rElec
                  | MR+ Str+3} (You found it on level 6 of the Dungeon)
  6308 | D:7      | Noticed a two-headed ogre
  6559 | D:7      | Noticed Pikel
  6572 | D:7      | Killed Pikel
  6572 | D:7      | Reached XP level 9. HP: 16/66 MP: 14/16
  6773 | D:7      | Reached skill level 5 in Spellcasting
  6857 | D:7      | Noticed Harold
  6920 | D:6      | Killed a two-headed ogre
  6920 | D:6      | Reached skill level 5 in Fighting
  7367 | D:7      | Killed Harold
  7367 | D:7      | Reached skill level 5 in Invocations
  7367 | D:7      | Reached XP level 10. HP: 28/74 MP: 16/18
  7601 | D:7      | Found a staircase to the Ecumenical Temple.
  7609 | Temple   | Entered the Ecumenical Temple
  7637 | Temple   | Became a worshipper of Warmaster Okawaru
  7871 | D:7      | Found a glowing golden altar of the Shining One.
  7961 | D:8      | Found Nethreytt's Gadget Shop.
  8014 | D:8      | Found a shimmering blue altar of Sif Muna.
  8044 | D:8      | Found a sparkling altar of Nemelex Xobeh.
  8065 | D:8      | Reached skill level 5 in Short Blades
  8065 | D:8      | Reached skill level 5 in Long Blades
  8065 | D:8      | Reached skill level 5 in Axes
  8065 | D:8      | Reached skill level 5 in Maces & Flails
  8065 | D:8      | Reached skill level 5 in Polearms
  8065 | D:8      | Reached skill level 5 in Staves
  8065 | D:8      | Reached skill level 5 in Bows
  8065 | D:8      | Reached skill level 5 in Crossbows
  8065 | D:8      | Reached skill level 5 in Throwing
  8065 | D:8      | Reached skill level 5 in Armour
  8065 | D:8      | Reached skill level 5 in Stealth
  8065 | D:8      | Reached skill level 5 in Shields
  8065 | D:8      | Reached skill level 5 in Unarmed Combat
  8065 | D:8      | Reached skill level 5 in Evocations
  8239 | D:8      | Found Pyiloqeq's Antique Armour Emporium.
  8242 | D:8      | Bought a faintly glowing chain mail for 275 gold pieces
  8252 | D:8      | Identified the +4 chain mail of the Abyss {Regen+ Int+4}
                  | (You bought it in a shop on level 8 of the Dungeon)
  8309 | D:8      | Found Naceox's Weapon Shop.
  8329 | D:8      | Reached * piety under Okawaru
  8362 | D:8      | Noticed a two-headed ogre
  8373 | D:8      | Killed a two-headed ogre
  8391 | D:8      | Reached ** piety under Okawaru
  8652 | D:8      | Found Poppemuj's Distillery.
  9048 | D:9      | Found a hide-covered altar of Uskayaw.
  9128 | D:9      | Found a stormy altar of Qazlal.
  9183 | D:9      | Reached *** piety under Okawaru
  9423 | D:9      | Lost mutation: You are agile. (Dex +2) [potion of mutation]
  9423 | D:9      | Lost mutation: You have a pair of small horns on your head.
                  | [potion of mutation]
  9423 | D:9      | Lost mutation: You are partially covered in yellow scales.
                  | (AC +2) [potion of mutation]
  9423 | D:9      | Gained mutation: Your flesh is heat resistant. (rF+)
                  | [potion of mutation]
  9423 | D:9      | Gained mutation: You are clumsy. (Dex -2) [potion of
                  | mutation]
  9423 | D:9      | Gained mutation: You evolve. [potion of mutation]
  9645 | D:10     | Entered Level 10 of the Dungeon
  9648 | D:10     | Noticed an orange crystal statue
  9650 | D:10     | Noticed a two-headed ogre
  9652 | D:10     | Found the +8 trident of the Octopus King {venom, rElec
                  | rPois MR+}
  9672 | D:10     | Killed a two-headed ogre
  9672 | D:10     | Reached XP level 11. HP: 55/83 MP: 20/20
  9937 | D:10     | Found Zuykas's Antique Weapon Emporium.
  9987 | D:10     | Killed an orange crystal statue
 10009 | D:10     | Got a translucent spear
 10039 | D:10     | Reached **** piety under Okawaru
 10101 | D:10     | Reached skill level 5 in Conjurations
 10101 | D:10     | Reached skill level 5 in Charms
 10101 | D:10     | Reached skill level 5 in Summonings
 10101 | D:10     | Reached skill level 5 in Necromancy
 10101 | D:10     | Reached skill level 5 in Translocations
 10101 | D:10     | Reached skill level 5 in Transmutations
 10101 | D:10     | Reached skill level 5 in Fire Magic
 10101 | D:10     | Reached skill level 5 in Ice Magic
 10101 | D:10     | Reached skill level 5 in Air Magic
 10101 | D:10     | Reached skill level 5 in Earth Magic
 10101 | D:10     | Reached skill level 5 in Poison Magic
 10139 | D:10     | Identified the cursed +1 spear of Meskaura {drain, Str+2
                  | Int+4 Dex+5} (You found it on level 10 of the Dungeon)
 10305 | D:10     | Noticed a hell knight
 10305 | D:10     | Noticed a hell knight
 10305 | D:10     | Noticed a necromancer
 10313 | D:10     | Noticed a hell knight
 10317 | D:10     | Noticed a hell knight
 10322 | D:10     | Noticed a necromancer
 10323 | D:10     | Killed a hell knight
 10324 | D:10     | Noticed a hell knight
 10330 | D:10     | Slain by a hell knight

Illustrated notes

Levels and vault maps discovered:
D:1:      eino_arrival_cavern_a, layout_basic, serial_glass, glass_columns_a,
          glass_columns_c, glass_columns_a, glass_columns_b, glass_columns_b,
          glass_columns_a, glass_columns_b, glass_columns_a, moated_statue
D:2:      mumra_celtic_spiral_tile, layout_rooms, minivault_5, uniq_terence,
          uniq_jessica
D:3:      layout_loops_corners, nicolae_overflow_crystal_walls, serial_aquarium,
          aquarium_bridge_square [aquarium_subvault_balcony,
          aquarium_subvault_bridge, aquarium_subvault_window,
          aquarium_subvault_bridge], aquarium_window_2,
          aquarium_window_corridor_3, aquarium_window_fake, aquarium_view_2c,
          aquarium_view_2d, aquarium_balcony_3b, kennysheep_crisscross
D:4:      layout_rooms, grunt_temple_overflow_order_and_chaos_1, serial_shops,
          shop, first_ration, nicolae_ossuary_entry_ruins,
          fedhas_ov_isle_minmay, uniq_crazy_yiuf_cottage
D:5:      layout_loops_ring, ebering_ghost_inner_flame
D:6:      layout_loops_cross, serial_shops, nicolae_shop_statue_plus
D:7:      layout_cave_pools, temple_statues, tso_altar, uniq_harold, uniq_pikel
D:8:      layout_cave_pools, kennysheep_little_box,
          nemelex_xobeh_ov_fountains_minmay, serial_glass, glass_columns_c,
          glass_columns_b, item_on_display_a, due_unseen_surprise,
          item_on_display_a, feat_on_display, serial_shops,
          nicolae_shop_competitors_out_of_business,
          nicolae_shop_window_shopping, kennysheep_mini,
          nicolae_shop_waterfront, hangedman_pestilent_swarm
D:9:      layout_roguey, overflow_temple_1_default,
          eat_drink_and_be_merry_uskayaw, minmay_door_square
D:10:     minmay_klotski, layout_basic, serial_shops, shop_statue, minivault_15,
          minmay_rotating_lava, uniq_joseph
Temple:   nicolae_temple_no_exploring_needed

Skill      XL: |  1  2  3  4  5  6  7  8  9 10 11 |
---------------+----------------------------------+-----
Invocations    | 1 2 3 4 5 6 |  6.8
Short Blades   | 1 2 3 4 5 6 |  6.2
Long Blades    | 1 2 3 4 5 6 |  6.2
Axes           | 1 2 3 4 5 6 |  6.2
Maces & Flails | 1 2 3 4 5 6 |  6.2
Polearms       | 1 2 3 4 5 6 |  6.2
Staves         | 1 2 3 4 5 6 |  6.2
Bows           | 1 2 3 4 5 6 |  6.2
Crossbows      | 1 2 3 4 5 6 |  6.2
Throwing       | 1 2 3 4 5 6 |  6.2
Armour         | 1 2 3 4 5 6 |  6.2
Stealth        | 1 2 3 4 5 6 |  6.2
Shields        | 1 2 3 4 5 6 |  6.2
Unarmed Combat | 1 2 3 4 5 6 |  6.2
Spellcasting   | 3 4 5 6 |  6.8
Evocations     | 1 2 3 4 5 6 |  6.2
Conjurations   | 1 2 3 4 5 |  5.1
Charms         | 1 2 3 4 5 |  5.1
Summonings     | 1 2 3 4 5 |  5.1
Necromancy     | 1 2 3 4 5 |  5.1
Translocations | 1 2 3 4 5 |  5.1
Transmutations | 1 2 3 4 5 |  5.1
Fire Magic     | 1 2 3 4 5 |  5.1
Ice Magic      | 1 2 3 4 5 |  5.1
Air Magic      | 1 2 3 4 5 |  5.1
Earth Magic    | 1 2 3 4 5 |  5.1
Poison Magic   | 1 2 3 4 5 |  5.1
Fighting       | 3 4 5 6 |  6.7
Slings         | 5 6 7 |  7.8
Dodging        | 5 6 7 |  7.8
Hexes          | 6 7 |  7.6

Action                   |  1- 3 |  4- 6 |  7- 9 | 10-12 || total
-------------------------+-------+-------+-------+-------++-------
Melee: Short sword       |       |     6 |       |       ||     6
       Bite              |       |    10 |    20 |    35 ||    65
       Dagger            |       |    95 |       |       ||    95
       Quarterstaff      |       |     5 |   162 |   259 ||   426
       Headbutt          |       |       |    34 |    47 ||    81
       War axe           |       |       |     8 |       ||     8
       Punch             |       |       |     1 |       ||     1
       Trident           |       |       |       |    40 ||    40
 Fire: Hunting sling     |    51 |   104 |     3 |    24 ||   182
Throw: Stone             |       |     9 |     6 |       ||    15
       Dart              |       |     5 |    36 |    29 ||    70
 Cast: Corona            |     3 |    27 |     9 |     3 ||    42
Evoke: Wand              |       |       |     2 |     5 ||     7
  Use: Scroll            |     4 |     6 |     3 |     5 ||    18
       Potion            |     4 |     3 |     3 |     4 ||    14
 Stab: Sleeping          |       |       |     1 |       ||     1
       Paralysed         |       |       |     3 |     9 ||    12
       Petrified         |       |       |     3 |       ||     3
       Confused          |       |       |     1 |     1 ||     2
       Petrifying        |       |       |     1 |       ||     1
       Distracted        |       |       |       |     1 ||     1
  Eat: Chunk             |       |     8 |     8 |     7 ||    23
       Ration            |       |     1 |       |     1 ||     2
Armor: Robe              |     4 |     1 |       |       ||     5
       Ring mail         |       |    34 |    62 |    27 ||   123
       Chain mail        |       |       |       |   195 ||   195
Dodge: Dodged            |     6 |    75 |   147 |   272 ||   500
